NYP
LOS ANGELES (NYP) DODGERS @ AUBURN DOUBLEDAYS
09/13/2044
 
TOP OF THE 1ST
Los Angeles (NYP) Dodgers batting - Pitching for Auburn Doubledays : RHP Chris Bonham
Pitching: RHP Chris Bonham
Batting: RHB Mario Mejia 0-0: Ball
1-0: Called Strike
1-1: Ground out 5-3 (Groundball, 56, EV 108.8 MPH)
Batting: RHB Leo Cuellar 0-0: Ball
1-0: Called Strike
1-1: Ground out 6-3 (Groundball, 6M, EV 86.2 MPH)
Batting: LHB Kippy McGrath 0-0: Ball
1-0: Ball
2-0: Ground out 4-3 (Groundball, 4S, EV 78.8 MPH)
Top of the 1st over - 0 runs, 0 hits, 0 errors, 0 left on base; Los Angeles (NYP) 0 - Auburn 0
BOTTOM OF THE 1ST
Auburn Doubledays batting - Pitching for Los Angeles (NYP) Dodgers : RHP Chris Hodge
Pitching: RHP Chris Hodge
Batting: SHB Dan Castaneda 0-0: Called Strike
0-1: Ball
1-1: Foul Ball, location: 2F
1-2: Ball
2-2: Strikes out swinging
Batting: RHB Ryan Hiemer 0-0: Called Strike
0-1: Foul Ball, location: 2F
0-2: Foul Ball, location: 2F
0-2: Ball
1-2: Ball
2-2: Foul Ball, location: 2F
2-2: Ball
3-2: Foul Ball, location: 2F
3-2: Base on Balls
Batting: RHB Slavik Nebrodov 0-0: Ball
1-0: Ball
Wild Pitch!
Ryan Hiemer to second
2-0: Called Strike
2-1: Ground out 5-3 (Groundball, 5, EV 83.8 MPH)
Batting: SHB Gabe Fraunfelder 0-0: Ball
1-0: Called Strike
1-1: Ball
Wild Pitch!
Ryan Hiemer to third
2-1: Ball
3-1: Foul Ball, location: 2F
3-2: Base on Balls
Batting: RHB Kevin Whitenack 0-0: Ball
1-0: Ball
2-0: Swinging Strike
2-1: Ball
Passed Ball!
Ryan Hiemer scores
Gabe Fraunfelder to second
3-1: Base on Balls
Batting: LHB Nate Melendez 0-0: Ball
1-0: Ball
Gabe Fraunfelder steals 3rd base
2-0: Foul Ball, location: 2F
2-1: Reached on error, E4 (Groundball, 34, EV 77.5 MPH)
Gabe Fraunfelder scores
Kevin Whitenack to third
Batting: LHB Elias Posada 0-0: Ball
1-0: Called Strike
1-1: Called Strike
1-2: Ball
2-2: DOUBLE (Flyball, 78XD, EV 98.8 MPH)
Kevin Whitenack scores
Nate Melendez scores
Batting: RHB Jon Hill 0-0: Called Strike
0-1: Ball
Passed Ball!
Elias Posada to third
1-1: Ball
2-1: Called Strike
2-2: Foul Ball, location: 2F
2-2: Ball
3-2: Base on Balls
Batting: RHB David Rojas 0-0: Called Strike
0-1: Fly out, F7 (Flyball, 7S, EV 73.1 MPH)
Bottom of the 1st over - 4 runs, 1 hit, 1 error, 2 left on base; Los Angeles (NYP) 0 - Auburn 4
TOP OF THE 2ND
Los Angeles (NYP) Dodgers batting - Pitching for Auburn Doubledays : RHP Chris Bonham
Batting: SHB Chris Ackerson 0-0: Foul Ball, location: 2F
0-1: Ball
1-1: Ball
2-1: Called Strike
2-2: Fly out, F7 (Line Drive, 7, EV 96.2 MPH)
Batting: RHB Eddie Perry 0-0: Swinging Strike
0-1: Foul Ball, location: 2F
0-2: Foul Ball, location: 2F
0-2: Strikes out swinging
Batting: LHB Bobby Gambrell 0-0: Ball
1-0: Called Strike
1-1: Ball
2-1: Ball
3-1: Base on Balls
Batting: LHB Fernando Amaya 0-0: Foul Ball, location: 2F
0-1: Called Strike
0-2: Ball
1-2: DOUBLE (Groundball, 3L, EV 97.5 MPH)
Bobby Gambrell to third
Bobby Gambrell scores
Batting: RHB Jonathan Quijada 0-0: Ball
1-0: Ball
2-0: Called Strike
2-1: Foul Ball, location: 2F
2-2: Foul Ball, location: 2F
2-2: Strikes out swinging
Top of the 2nd over - 1 run, 1 hit, 0 errors, 1 left on base; Los Angeles (NYP) 1 - Auburn 4
BOTTOM OF THE 2ND
Auburn Doubledays batting - Pitching for Los Angeles (NYP) Dodgers : RHP Chris Hodge
Batting: SHB Dan Castaneda 0-0: Ground out U3 (Groundball, 3, EV 103.8 MPH)
Batting: RHB Ryan Hiemer 0-0: Called Strike
0-1: Swinging Strike
0-2: Ball
1-2: Strikes out swinging
Batting: RHB Slavik Nebrodov 0-0: Ball
1-0: Ground out 4-3 (Groundball, 4S, EV 85.6 MPH)
Bottom of the 2nd over - 0 runs, 0 hits, 0 errors, 0 left on base; Los Angeles (NYP) 1 - Auburn 4
TOP OF THE 3RD
Los Angeles (NYP) Dodgers batting - Pitching for Auburn Doubledays : RHP Chris Bonham
Batting: RHB Pat Mage 0-0: Called Strike
0-1: Called Strike
0-2: Strikes out swinging
Batting: RHB Mario Mejia 0-0: Ball
1-0: Ground out 2-3 (Groundball, 15S, EV 73.1 MPH)
Batting: RHB Leo Cuellar 0-0: Called Strike
0-1: Called Strike
0-2: Strikes out swinging
Top of the 3rd over - 0 runs, 0 hits, 0 errors, 0 left on base; Los Angeles (NYP) 1 - Auburn 4
BOTTOM OF THE 3RD
Auburn Doubledays batting - Pitching for Los Angeles (NYP) Dodgers : RHP Chris Hodge
Batting: SHB Gabe Fraunfelder 0-0: Ball
1-0: Ball
2-0: Ground out U3 (Groundball, 34, EV 88.1 MPH)
Batting: RHB Kevin Whitenack 0-0: Fly out, F9 (Flyball, 9, EV 89.4 MPH)
Batting: LHB Nate Melendez 0-0: SOLO HOME RUN (Flyball, 9D, EV 98.8 MPH), Distance : 386 ft
Batting: LHB Elias Posada 0-0: Ball
1-0: Foul Ball, location: 2F
1-1: Foul Ball, location: 2F
1-2: Foul Ball, location: 2F
1-2: Strikes out looking
Bottom of the 3rd over - 1 run, 1 hit, 0 errors, 0 left on base; Los Angeles (NYP) 1 - Auburn 5
TOP OF THE 4TH
Los Angeles (NYP) Dodgers batting - Pitching for Auburn Doubledays : RHP Chris Bonham
Batting: LHB Kippy McGrath 0-0: Ball
1-0: Called Strike
1-1: Called Strike
1-2: Ground out 4-3 (Groundball, 4, EV 82.5 MPH)
Batting: SHB Chris Ackerson 0-0: Ball
1-0: SOLO HOME RUN (Flyball, 89XD, EV 115.0 MPH), Distance : 440 ft
Batting: RHB Eddie Perry 0-0: Swinging Strike
0-1: Ground out 4-3 (Groundball, 4M, EV 85.0 MPH)
Batting: LHB Bobby Gambrell 0-0: Called Strike
0-1: Called Strike
0-2: Ball
1-2: Foul Ball, location: 2F
1-2: SINGLE (Groundball, 23, EV 68.1 MPH) (infield hit)
Batting: LHB Fernando Amaya 0-0: Called Strike
Bobby Gambrell steals 2nd base
0-1: Called Strike
0-2: Ball
1-2: Ball
2-2: Foul Ball, location: 2F
2-2: Foul Ball, location: 2F
2-2: Foul Ball, location: 2F
2-2: Foul Ball, location: 2F
2-2: Ground out U3 (Groundball, 34S, EV 82.5 MPH)
Top of the 4th over - 1 run, 2 hits, 0 errors, 1 left on base; Los Angeles (NYP) 2 - Auburn 5
BOTTOM OF THE 4TH
Auburn Doubledays batting - Pitching for Los Angeles (NYP) Dodgers : RHP Chris Hodge
Batting: RHB Jon Hill 0-0: Swinging Strike
0-1: Foul Ball, location: 2F
0-2: Strikes out swinging
Batting: RHB David Rojas 0-0: Foul Ball, location: 2F
0-1: Fly out, F8 (Line Drive, 8LD, EV 100.6 MPH)
Batting: SHB Dan Castaneda 0-0: Ball
1-0: Foul Ball, location: 2F
1-1: Fly out, F8 (Flyball, 8LD, EV 104.4 MPH)
Bottom of the 4th over - 0 runs, 0 hits, 0 errors, 0 left on base; Los Angeles (NYP) 2 - Auburn 5
TOP OF THE 5TH
Los Angeles (NYP) Dodgers batting - Pitching for Auburn Doubledays : RHP Chris Bonham
Batting: RHB Jonathan Quijada 0-0: Called Strike
0-1: Fly out, F8 (Flyball, 8LD, EV 90.0 MPH)
Batting: RHB Pat Mage 0-0: Ball
1-0: SINGLE (Groundball, 6MD, EV 95.6 MPH)
Batting: RHB Mario Mejia 0-0: Ball
1-0: Called Strike
1-1: Foul Ball, location: 2F
1-2: Ground out 5-3 (Groundball, 56S, EV 83.1 MPH)
Pat Mage to second
Batting: RHB Leo Cuellar 0-0: Foul Ball, location: 2F
0-1: Ball
1-1: Foul Ball, location: 2F
1-2: Ball
2-2: Strikes out looking
Top of the 5th over - 0 runs, 1 hit, 0 errors, 1 left on base; Los Angeles (NYP) 2 - Auburn 5
BOTTOM OF THE 5TH
Auburn Doubledays batting - Pitching for Los Angeles (NYP) Dodgers : RHP Chris Hodge
Batting: RHB Ryan Hiemer 0-0: Foul Ball, location: 2F
0-1: Ball
1-1: Swinging Strike
1-2: Ball
2-2: Foul Ball, location: 2F
2-2: Strikes out swinging
Batting: RHB Slavik Nebrodov 0-0: Called Strike
0-1: Foul Ball, location: 2F
0-2: Ball
1-2: Foul Ball, location: 2F
1-2: Ball
2-2: Foul Ball, location: 2F
2-2: Ball
3-2: Base on Balls
Batting: SHB Gabe Fraunfelder 0-0: Foul Ball, location: 2F
0-1: Called Strike
0-2: Ball
1-2: Grounds into double play, U6-3 (Groundball, 4M, EV 79.4 MPH)
Bottom of the 5th over - 0 runs, 0 hits, 0 errors, 0 left on base; Los Angeles (NYP) 2 - Auburn 5
TOP OF THE 6TH
Los Angeles (NYP) Dodgers batting - Pitching for Auburn Doubledays : RHP Chris Bonham
Batting: LHB Kippy McGrath 0-0: Foul Ball, location: 2F
0-1: Ball
1-1: Foul Ball, location: 2F
1-2: Ball
2-2: Foul Ball, location: 2F
2-2: Foul Ball, location: 2F
2-2: Strikes out swinging
Batting: SHB Chris Ackerson 0-0: Foul Ball, location: 2F
0-1: Ball
1-1: Ball
2-1: Foul Ball, location: 2F
2-2: Strikes out swinging
Batting: RHB Eddie Perry 0-0: Ball
1-0: Foul Ball, location: 2F
1-1: Swinging Strike
1-2: Strikes out swinging
Top of the 6th over - 0 runs, 0 hits, 0 errors, 0 left on base; Los Angeles (NYP) 2 - Auburn 5
BOTTOM OF THE 6TH
Auburn Doubledays batting - Pitching for Los Angeles (NYP) Dodgers : RHP Chris Hodge
Pitching: RHP Cody Bryant
Batting: RHB Kevin Whitenack 0-0: Called Strike
0-1: Swinging Strike
0-2: Ball
1-2: Hit by Pitch
Batting: LHB Nate Melendez 0-0: Ball
Kevin Whitenack steals 2nd, throwing error, E2
Kevin Whitenack to third
1-0: Called Strike
1-1: Foul Ball, location: 2F
1-2: Ball
Wild Pitch!
Kevin Whitenack scores
2-2: Ball
3-2: Ground out 5-3 (Groundball, 56, EV 90.0 MPH)
Batting: LHB Elias Posada 0-0: Called Strike
0-1: Foul Ball, location: 2F
0-2: Strikes out swinging
Batting: RHB Jon Hill 0-0: Ball
1-0: Foul Ball, location: 2F
1-1: Foul Ball, location: 2F
1-2: Ball
2-2: Ball
3-2: Base on Balls
Batting: RHB David Rojas 0-0: Foul Ball, location: 2F
0-1: Fly out, F4 (Popup, 4, EV 66.9 MPH)
Bottom of the 6th over - 1 run, 0 hits, 1 error, 1 left on base; Los Angeles (NYP) 2 - Auburn 6
TOP OF THE 7TH
Los Angeles (NYP) Dodgers batting - Pitching for Auburn Doubledays : RHP Chris Bonham
Pitching: RHP Luis Galvez
Batting: LHB Bobby Gambrell 0-0: Called Strike
0-1: Swinging Strike
0-2: Foul Ball, location: 2F
0-2: Strikes out looking
Batting: LHB Fernando Amaya 0-0: DOUBLE (Line Drive, 9LM, EV 112.5 MPH)
Batting: RHB Jonathan Quijada 0-0: Called Strike
0-1: Swinging Strike
0-2: Foul Ball, location: 2F
0-2: Strikes out swinging
Pinch Hitting: LHB Jim Schriver 0-0: Ball
1-0: Called Strike
1-1: Ground out 4-3 (Groundball, 4, EV 88.8 MPH)
Top of the 7th over - 0 runs, 1 hit, 0 errors, 1 left on base; Los Angeles (NYP) 2 - Auburn 6
BOTTOM OF THE 7TH
Auburn Doubledays batting - Pitching for Los Angeles (NYP) Dodgers : RHP Cody Bryant
Pitching: RHP Lee Durbin
Now in CF: Cesar Reyes
Batting: SHB Dan Castaneda 0-0: Ball
1-0: Ball
2-0: Called Strike
2-1: Ball
3-1: Base on Balls
Batting: RHB Ryan Hiemer 0-0: Ball
Dan Castaneda steals 2nd base
1-0: Foul Ball, location: 2F
1-1: Ball
2-1: Swinging Strike
2-2: Strikes out swinging
Batting: RHB Slavik Nebrodov 0-0: Foul Ball, location: 2F
0-1: Called Strike
0-2: Strikes out looking
Batting: SHB Gabe Fraunfelder 0-0: Called Strike
0-1: DOUBLE (Flyball, 9LD, EV 107.5 MPH)
Dan Castaneda scores
Batting: RHB Kevin Whitenack 0-0: Ball
1-0: Ground out 5-3 (Groundball, 56, EV 96.9 MPH)
Bottom of the 7th over - 1 run, 1 hit, 0 errors, 1 left on base; Los Angeles (NYP) 2 - Auburn 7
TOP OF THE 8TH
Los Angeles (NYP) Dodgers batting - Pitching for Auburn Doubledays : RHP Luis Galvez
Batting: RHB Mario Mejia 0-0: Called Strike
0-1: Swinging Strike
0-2: Ball
1-2: Ball
2-2: Foul Ball, location: 2F
2-2: Ball
3-2: Strikes out looking
Batting: RHB Leo Cuellar 0-0: Foul Ball, location: 2F
0-1: Swinging Strike
0-2: Foul Ball, location: 2F
0-2: Foul Ball, location: 2F
0-2: Foul Ball, location: 2F
0-2: Strikes out swinging
Batting: LHB Kippy McGrath 0-0: DOUBLE (Flyball, 8LXD, EV 103.8 MPH)
Pitching: RHP Brent Wainwright
Batting: SHB Chris Ackerson 0-0: Called Strike
0-1: Ball
1-1: Called Strike
1-2: Ball
2-2: Strikes out looking
Top of the 8th over - 0 runs, 1 hit, 0 errors, 1 left on base; Los Angeles (NYP) 2 - Auburn 7
BOTTOM OF THE 8TH
Auburn Doubledays batting - Pitching for Los Angeles (NYP) Dodgers : RHP Lee Durbin
Batting: LHB Nate Melendez 0-0: Swinging Strike
0-1: Swinging Strike
0-2: Strikes out swinging
Batting: LHB Elias Posada 0-0: Ball
1-0: Ball
2-0: Ground out 4-3 (Groundball, 4, EV 85.0 MPH)
Batting: RHB Jon Hill 0-0: Ground out 4-3 (Groundball, 4, EV 98.1 MPH)
Bottom of the 8th over - 0 runs, 0 hits, 0 errors, 0 left on base; Los Angeles (NYP) 2 - Auburn 7
TOP OF THE 9TH
Los Angeles (NYP) Dodgers batting - Pitching for Auburn Doubledays : RHP Brent Wainwright
Batting: RHB Eddie Perry 0-0: Ball
1-0: Ground out 4-3 (Groundball, 34, EV 86.9 MPH)
Batting: LHB Bobby Gambrell 0-0: Ground out 6-3 (Groundball, 56, EV 99.4 MPH)
Batting: LHB Fernando Amaya 0-0: Foul Ball, location: 2F
0-1: Swinging Strike
0-2: Ball
1-2: Ball
2-2: Foul Ball, location: 2F
2-2: Strikes out swinging
Top of the 9th over - 0 runs, 0 hits, 0 errors, 0 left on base; Los Angeles (NYP) 2 - Auburn 7
Thursday, March 31st , 2022 - OOTP Baseball 22.12 Build 89